TOP OF THE 1ST |
London Majors batting - Pitching for New Jersey Devils : RHP Jason Jones
|
Pitching: RHP Jason Jones
|
|
Batting: RHB Victor Ayala
|
0-0: Ball 1-0: Ball 2-0: Foul Ball, location: 2F 2-1: Ball 3-1: Called Strike 3-2: SINGLE (Line Drive, 3D, EV 108.1 MPH)
|
Batting: RHB Brock Van Gilder
|
0-0: Ball 1-0: Called Strike 1-1: Ball Victor Ayala steals 2nd base 2-1: Foul Ball, location: 2F 2-2: Ground out 5-3 (Groundball, 5, EV 90.0 MPH)
|
Batting: LHB Devin Huber
|
0-0: Called Strike 0-1: Ball 1-1: Called Strike 1-2: Fly out, F7 (Line Drive, 7, EV 98.8 MPH)
|
Batting: LHB Kurt Estep
|
0-0: Ball 1-0: Ball 2-0: Ball 3-0: Base on Balls
|
Batting: RHB Bobby Lasaguna
|
0-0: Ball 1-0: Foul Ball, location: 2F 1-1: Foul Ball, location: 2F 1-2: SINGLE (Groundball, 5S, EV 68.1 MPH) (infield hit) Victor Ayala to third Kurt Estep to second
|
Batting: RHB Bill Murray
|
0-0: Ball 1-0: Ball 2-0: Called Strike 2-1: Fielders Choice at 2nd, 6-4 (Groundball, 6, EV 88.8 MPH)
|
Top of the 1st over - 0 runs, 2 hits, 0 errors, 3 left on base; London 0 - New Jersey 0 |
BOTTOM OF THE 1ST |
New Jersey Devils batting - Pitching for London Majors : RHP Scott Lowry
|
Pitching: RHP Scott Lowry
|
|
Batting: LHB Matt Baker
|
0-0: Ground out 5-3 (Groundball, 56S, EV 80.6 MPH)
|
Batting: RHB Larry Shoop
|
0-0: Ball 1-0: Swinging Strike 1-1: Called Strike 1-2: Strikes out looking
|
Batting: RHB Bobby Coulombe
|
0-0: Called Strike 0-1: Foul Ball, location: 2F 0-2: Foul Ball, location: 2F 0-2: Strikes out swinging
|
Bottom of the 1st over - 0 runs, 0 hits, 0 errors, 0 left on base; London 0 - New Jersey 0 |
TOP OF THE 2ND |
London Majors batting - Pitching for New Jersey Devils : RHP Jason Jones
|
Batting: RHB Pete Duncan
|
0-0: Ground out 1-3 (Groundball, 15, EV 71.3 MPH)
|
Batting: RHB Terry Plumley
|
0-0: Foul Ball, location: 2F 0-1: Ball 1-1: Called Strike 1-2: Fly out, F3 (Popup, 3, EV 61.3 MPH)
|
Batting: RHB Shunsuke Shiba Inu
|
0-0: Called Strike 0-1: Foul Ball, location: 2F 0-2: Fly out, F8 (Flyball, 8RXD, EV 89.4 MPH)
|
Top of the 2nd over - 0 runs, 0 hits, 0 errors, 0 left on base; London 0 - New Jersey 0 |
BOTTOM OF THE 2ND |
New Jersey Devils batting - Pitching for London Majors : RHP Scott Lowry
|
Batting: LHB Bayesa Mundhir
|
0-0: Foul Ball, location: 2F 0-1: Ball 1-1: Ball 2-1: Foul Ball, location: 2F 2-2: Strikes out swinging
|
Batting: SHB Jason Caruso
|
0-0: Ball 1-0: Called Strike 1-1: Foul Ball, location: 2F 1-2: Ball 2-2: Strikes out swinging
|
Batting: RHB Chris Artz
|
0-0: Ball 1-0: Called Strike 1-1: Foul Ball, location: 2F 1-2: Strikes out looking
|
Bottom of the 2nd over - 0 runs, 0 hits, 0 errors, 0 left on base; London 0 - New Jersey 0 |
TOP OF THE 3RD |
London Majors batting - Pitching for New Jersey Devils : RHP Jason Jones
|
Batting: RHB Victor Ayala
|
0-0: Ball 1-0: Ball 2-0: Foul Ball, location: 2F 2-1: Foul Ball, location: 2F 2-2: SINGLE (Line Drive, 6D, EV 95.0 MPH)
|
Batting: RHB Brock Van Gilder
|
0-0: Called Strike Victor Ayala is caught stealing 2nd base 2-4 0-1: Swinging Strike 0-2: Ball 1-2: Ball 2-2: Ground out 6-3 (Groundball, 6, EV 102.5 MPH)
|
Batting: LHB Devin Huber
|
0-0: Ball 1-0: Swinging Strike 1-1: Foul Ball, location: 2F 1-2: Ball 2-2: Fly out, F9 (Line Drive, 89M, EV 109.4 MPH)
|
Top of the 3rd over - 0 runs, 1 hit, 0 errors, 0 left on base; London 0 - New Jersey 0 |
BOTTOM OF THE 3RD |
New Jersey Devils batting - Pitching for London Majors : RHP Scott Lowry
|
Batting: SHB Jerry Burrows
|
0-0: SINGLE (Groundball, 34D, EV 104.4 MPH)
|
Batting: SHB Keith Casner
|
0-0: Called Strike 0-1: Ball 1-1: Foul Ball, location: 2F 1-2: Strikes out swinging
|
Batting: RHB Mike Hanks
|
0-0: Called Strike 0-1: Called Strike 0-2: Ball 1-2: Strikes out swinging
|
Batting: LHB Matt Baker
|
0-0: Called Strike 0-1: Fly out, F8 (Line Drive, 8RD, EV 100.6 MPH)
|
Bottom of the 3rd over - 0 runs, 1 hit, 0 errors, 1 left on base; London 0 - New Jersey 0 |
TOP OF THE 4TH |
London Majors batting - Pitching for New Jersey Devils : RHP Jason Jones
|
Batting: LHB Kurt Estep
|
0-0: Called Strike 0-1: Called Strike 0-2: Ground out 4-3 (Groundball, 4, EV 105.0 MPH)
|
Batting: RHB Bobby Lasaguna
|
0-0: Called Strike 0-1: Swinging Strike 0-2: Ball 1-2: Ball 2-2: Strikes out swinging
|
Batting: RHB Bill Murray
|
0-0: Called Strike 0-1: Ball 1-1: Ball 2-1: SOLO HOME RUN (Flyball, 7D, EV 96.3 MPH), Distance : 371 ft
|
Batting: RHB Pete Duncan
|
0-0: Called Strike 0-1: SINGLE (Line Drive, 78S, EV 112.5 MPH)
|
Batting: RHB Terry Plumley
|
0-0: Ball Pete Duncan is caught stealing 2nd base 2-4
|
Top of the 4th over - 1 run, 2 hits, 0 errors, 0 left on base; London 1 - New Jersey 0 |
BOTTOM OF THE 4TH |
New Jersey Devils batting - Pitching for London Majors : RHP Scott Lowry
|
Batting: RHB Larry Shoop
|
0-0: Swinging Strike 0-1: Ground out 6-3 (Groundball, 6, EV 80.6 MPH)
|
Batting: RHB Bobby Coulombe
|
0-0: Foul Ball, location: 2F 0-1: Foul Ball, location: 2F 0-2: Foul Ball, location: 2F 0-2: Strikes out swinging
|
Batting: LHB Bayesa Mundhir
|
0-0: Ball 1-0: Foul Ball, location: 2F 1-1: Ball 2-1: Foul Ball, location: 2F 2-2: Strikes out swinging
|
Bottom of the 4th over - 0 runs, 0 hits, 0 errors, 0 left on base; London 1 - New Jersey 0 |
TOP OF THE 5TH |
London Majors batting - Pitching for New Jersey Devils : RHP Jason Jones
|
Batting: RHB Terry Plumley
|
0-0: Foul Ball, location: 2F 0-1: Ball 1-1: Foul Ball, location: 2F 1-2: Foul Ball, location: 2F 1-2: Ball 2-2: SINGLE (Line Drive, 78M, EV 111.3 MPH)
|
Batting: RHB Shunsuke Shiba Inu
|
0-0: Foul Ball, location: 2F 0-1: Ball 1-1: Called Strike 1-2: Strikes out swinging
|
Batting: RHB Victor Ayala
|
0-0: Ball 1-0: Ball 2-0: Fielders Choice at 2nd, 4-6 (Groundball, 4M, EV 101.9 MPH)
|
Batting: RHB Brock Van Gilder
|
0-0: Called Strike Victor Ayala steals 2nd, throwing error, E2 Victor Ayala to third 0-1: Foul Ball, location: 2F 0-2: Ground out 4-3 (Groundball, 4, EV 100.6 MPH)
|
Top of the 5th over - 0 runs, 1 hit, 1 error, 1 left on base; London 1 - New Jersey 0 |
BOTTOM OF THE 5TH |
New Jersey Devils batting - Pitching for London Majors : RHP Scott Lowry
|
Batting: SHB Jason Caruso
|
0-0: Ball 1-0: SINGLE (Groundball, 4D, EV 104.4 MPH)
|
Batting: RHB Chris Artz
|
0-0: Ball 1-0: Foul Ball, location: 2F 1-1: Fly out, F4 (Popup, 4, EV 65.0 MPH)
|
Batting: SHB Jerry Burrows
|
0-0: Foul Ball, location: 2F 0-1: Grounds into double play, 4-6-3 (Groundball, 4, EV 104.4 MPH)
|
Bottom of the 5th over - 0 runs, 1 hit, 0 errors, 0 left on base; London 1 - New Jersey 0 |
TOP OF THE 6TH |
London Majors batting - Pitching for New Jersey Devils : RHP Jason Jones
|
Batting: LHB Devin Huber
|
0-0: Called Strike 0-1: Ball 1-1: Ball 2-1: Foul Ball, location: 2F 2-2: SINGLE (Groundball, 4D, EV 95.0 MPH)
|
Batting: LHB Kurt Estep
|
0-0: Called Strike 0-1: Foul Ball, location: 2F 0-2: Strikes out looking
|
Batting: RHB Bobby Lasaguna
|
0-0: Ball 1-0: Swinging Strike 1-1: Ball 2-1: Ball 3-1: Base on Balls Devin Huber to second
|
Batting: RHB Bill Murray
|
0-0: Swinging Strike 0-1: Ball 1-1: Ball 2-1: DOUBLE (Flyball, 89XD, EV 102.5 MPH) Devin Huber scores Bobby Lasaguna to third
|
Batting: RHB Pete Duncan
|
0-0: Ball 1-0: Fly out, F9 (Flyball, 9LS, EV 78.1 MPH) Runner from 3rd tags up, SCORES, throw by RF
|
Batting: RHB Terry Plumley
|
0-0: Ball 1-0: Ball 2-0: Foul Ball, location: 2F 2-1: Foul Ball, location: 2F 2-2: Ball 3-2: Foul Ball, location: 2F 3-2: Base on Balls
|
Batting: RHB Shunsuke Shiba Inu
|
0-0: Called Strike 0-1: Ball 1-1: Ball 2-1: Fly out, F3 (Popup, 3S, EV 84.4 MPH)
|
Top of the 6th over - 2 runs, 2 hits, 0 errors, 2 left on base; London 3 - New Jersey 0 |
BOTTOM OF THE 6TH |
New Jersey Devils batting - Pitching for London Majors : RHP Scott Lowry
|
Batting: SHB Keith Casner
|
0-0: Ball 1-0: Ball 2-0: Foul Ball, location: 2F 2-1: Ball 3-1: Base on Balls
|
Batting: RHB Mike Hanks
|
0-0: SINGLE (Flyball, 89S, EV 93.1 MPH) Keith Casner to second Runner from 2nd tries for 3rd, OUT! 9-5
|
Batting: LHB Matt Baker
|
0-0: Ball Pickoff Throw to First - Out! 1-3 1-0: Fly out, F9 (Flyball, 9, EV 93.1 MPH)
|
Bottom of the 6th over - 0 runs, 1 hit, 0 errors, 0 left on base; London 3 - New Jersey 0 |
TOP OF THE 7TH |
London Majors batting - Pitching for New Jersey Devils : RHP Jason Jones
|
Pitching: LHP Joe Edwards
|
|
Batting: RHB Victor Ayala
|
0-0: SOLO HOME RUN (Flyball, 7LD, EV 95.6 MPH), Distance : 350 ft
|
Batting: RHB Brock Van Gilder
|
0-0: Ball 1-0: Ground out 4-3 (Groundball, 4, EV 101.3 MPH)
|
Batting: LHB Devin Huber
|
0-0: Ball 1-0: Ball 2-0: Ball 3-0: Called Strike 3-1: Swinging Strike 3-2: SINGLE (Flyball, 7LS, EV 93.8 MPH)
|
Batting: LHB Kurt Estep
|
0-0: Called Strike 0-1: Called Strike 0-2: Strikes out looking
|
Batting: RHB Bobby Lasaguna
|
0-0: Called Strike 0-1: Fly out, F6 (Flyball, 6D, EV 90.6 MPH)
|
Top of the 7th over - 1 run, 2 hits, 0 errors, 1 left on base; London 4 - New Jersey 0 |
BOTTOM OF THE 7TH |
New Jersey Devils batting - Pitching for London Majors : RHP Scott Lowry
|
Batting: RHB Larry Shoop
|
0-0: Swinging Strike 0-1: Ball 1-1: Ball 2-1: Foul Ball, location: 2F 2-2: Ball 3-2: Ground out 6-3 (Groundball, 6, EV 89.4 MPH)
|
Batting: RHB Bobby Coulombe
|
0-0: Ball 1-0: Called Strike 1-1: Ball 2-1: Foul Ball, location: 2F 2-2: Strikes out swinging
|
Batting: LHB Bayesa Mundhir
|
0-0: Ball 1-0: Ball 2-0: Called Strike 2-1: Fly out, F8 (Flyball, 8RD, EV 93.1 MPH)
|
Bottom of the 7th over - 0 runs, 0 hits, 0 errors, 0 left on base; London 4 - New Jersey 0 |
TOP OF THE 8TH |
London Majors batting - Pitching for New Jersey Devils : LHP Joe Edwards
|
Pitching: LHP Keith Noftall
|
|
Batting: RHB Bill Murray
|
0-0: Foul Ball, location: 2F 0-1: Ball 1-1: Swinging Strike 1-2: Foul Ball, location: 2F 1-2: SINGLE (Line Drive, 5D, EV 102.5 MPH)
|
Batting: RHB Pete Duncan
|
0-0: Ball 1-0: Foul Ball, location: 2F 1-1: Called Strike 1-2: SINGLE (Groundball, 6M, EV 86.3 MPH) (infield hit) Bill Murray to second
|
Batting: RHB Terry Plumley
|
0-0: Called Strike 0-1: Called Strike 0-2: Foul Ball, location: 2F 0-2: Ball 1-2: Strikes out swinging
|
Batting: RHB Shunsuke Shiba Inu
|
0-0: Ball 1-0: DOUBLE (Line Drive, 7LS, EV 96.3 MPH) Bill Murray scores Pete Duncan to third Runner from 3rd tries for Home, SAFE, throw by LF to home
|
Batting: RHB Victor Ayala
|
0-0: Ball 1-0: Called Strike 1-1: Ground out 4-3 (Groundball, 4MS, EV 81.9 MPH) Shunsuke Shiba Inu to third
|
Batting: RHB Brock Van Gilder
|
0-0: Ball 1-0: DOUBLE (Line Drive, 7LM, EV 105.6 MPH) Shunsuke Shiba Inu scores
|
Pinch Hitting: SHB Kevin Watson
|
0-0: Called Strike 0-1: Ball 1-1: Ball 2-1: Fly out, F8 (Flyball, 8LXD, EV 98.1 MPH)
|
Top of the 8th over - 3 runs, 4 hits, 0 errors, 1 left on base; London 7 - New Jersey 0 |
BOTTOM OF THE 8TH |
New Jersey Devils batting - Pitching for London Majors : RHP Scott Lowry
|
Now in RF: Mike Chamberlain
|
|
Batting: SHB Jason Caruso
|
0-0: Called Strike 0-1: Ball 1-1: Swinging Strike 1-2: SINGLE (Groundball, 34D, EV 95.6 MPH)
|
Batting: RHB Chris Artz
|
0-0: Foul Ball, location: 2F 0-1: Fly out, F8 (Flyball, 8LXD, EV 99.4 MPH)
|
Batting: SHB Jerry Burrows
|
0-0: Ground out 4-3 (Groundball, 34, EV 99.4 MPH) Jason Caruso to second
|
Batting: SHB Keith Casner
|
0-0: Foul Ball, location: 2F 0-1: Ball 1-1: Ball Wild Pitch! Jason Caruso to third 2-1: Foul Ball, location: 2F 2-2: Strikes out swinging
|
Bottom of the 8th over - 0 runs, 1 hit, 0 errors, 1 left on base; London 7 - New Jersey 0 |
TOP OF THE 9TH |
London Majors batting - Pitching for New Jersey Devils : LHP Keith Noftall
|
Pitching: RHP Jose Lara
|
|
Batting: LHB Kurt Estep
|
0-0: Called Strike 0-1: Ball 1-1: Foul Ball, location: 2F 1-2: Strikes out looking
|
Batting: RHB Bobby Lasaguna
|
0-0: Ball 1-0: Foul Ball, location: 2F 1-1: Foul Ball, location: 2F 1-2: Strikes out swinging
|
Batting: RHB Bill Murray
|
0-0: Called Strike 0-1: Called Strike 0-2: Ball 1-2: Ball 2-2: Foul Ball, location: 2F 2-2: Ball 3-2: Foul Ball, location: 2F 3-2: Base on Balls
|
Batting: RHB Pete Duncan
|
0-0: Ball Bill Murray steals 2nd base 1-0: Ball 2-0: Called Strike 2-1: 2-RUN HOME RUN (Flyball, 7D, EV 105.0 MPH), Distance : 376 ft
|
Batting: RHB Terry Plumley
|
0-0: Ball 1-0: Ball 2-0: Ball 3-0: Called Strike 3-1: Base on Balls
|
Batting: RHB Shunsuke Shiba Inu
|
0-0: Ball 1-0: TRIPLE (Flyball, 89XD, EV 101.9 MPH) Terry Plumley scores
|
Batting: RHB Victor Ayala
|
0-0: Ball 1-0: Ball 2-0: Swinging Strike 2-1: Foul Ball, location: 2F 2-2: Ball 3-2: Base on Balls
|
Pinch Hitting: RHB Dustin Bargman
|
0-0: Ball 1-0: Foul Ball, location: 2F 1-1: Foul Ball, location: 2F 1-2: Strikes out looking
|
Top of the 9th over - 3 runs, 2 hits, 0 errors, 2 left on base; London 10 - New Jersey 0 |
BOTTOM OF THE 9TH |
New Jersey Devils batting - Pitching for London Majors : RHP Scott Lowry
|
Now at SS: Dustin Bargman
|
|
Pinch Hitting: LHB Dan Bremseth
|
0-0: Foul Ball, location: 2F 0-1: Ball 1-1: DOUBLE (Flyball, 8RXD, EV 88.8 MPH)
|
Batting: LHB Matt Baker
|
0-0: Ball 1-0: Ball 2-0: Called Strike 2-1: Fly out, F7 (Flyball, 78S, EV 85.0 MPH)
|
Batting: RHB Larry Shoop
|
0-0: Ball 1-0: Ball 2-0: Fly out, F8 (Flyball, 8LD, EV 106.9 MPH)
|
Batting: RHB Bobby Coulombe
|
0-0: Ball 1-0: Foul Ball, location: 2F 1-1: Fly out, F3 (Popup, 23F, EV 79.4 MPH)
|
Bottom of the 9th over - 0 runs, 1 hit, 0 errors, 1 left on base; London 10 - New Jersey 0 |
|